 Dungeon Crawl Stone Soup version 0.31-a0-1159-g800acc2fd1 (webtiles) character file.

Game seed: 6877655094112033900

104235 Conn the Destroyer (level 16, -1/106 HPs)
             Began as an Octopode Fire Elementalist on Nov 28, 2023.
             Was a High Priest of Sif Muna.
             Constricted to death by Jorgrun (16 damage)
             ... on level 2 of the Orcish Mines on Dec 8, 2023.
             The game lasted 02:18:15 (33658 turns).

Conn the Destroyer (Octopode Fire Elementalist)    Turns: 33658, Time: 02:18:15

Health: -1/106     AC:  2    Str: 13    XL:     16   Next: 38%
Magic:  12/30      EV: 23    Int: 28    God:    Sif Muna [*****.]
Gold:   865        SH: 15    Dex: 24    Spells: 3/35 levels left

rFire   + + .        X - staff of conjuration
rCold   x . .        u - +2 buckler
rNeg    . . .        M - +1 hat
rPois   +            Z - amulet of reflection
rElec   +            x - ring of protection from fire
rCorr   +            T - ring of willpower
SInv    +            G - ring "Buimaoso" {Contam rElec rPois rCorr Str+5 SInv}
Will    ++...        K - ring of Lugonu's Supremacy {Fire Int+3 Dex+6}
Stlth   +++++        N - ring of wizardry
HPRegen 0.37/turn    V - +6 ring of dexterity
MPRegen 0.22/turn    c - +5 ring of evasion
                     i - ring of Jaqieth {rC+ Slay+3}

%: reflection, clarity, wizardry (x1)
@: grasped by roots, constricted
A: almost no armour, amphibious, 8 rings, camouflage 1, gelatinous body 1,
(nimble swimmer 1), tentacles, clarity, sense surroundings 1, screaming 1, wild
magic 1, cold vulnerability 1
a: Renounce Religion, Channel Magic, Forget Spell, Divine Exegesis


You were on level 2 of the Orcish Mines.
You worshipped Sif Muna.
Sif Muna was extremely pleased with you.
You visited 4 branches of the dungeon, and saw 23 of its levels.
You also visited: Sewer, Bailey and Ice Cave.

You collected 4221 gold pieces.
You spent 3356 gold pieces at shops.

Inventory:

Hand Weapons
 F - the +0 flail "Pendulum" {flame, Str-5 Int+7}
   (You bought it in a shop on level 5 of the Dungeon)

   Str-5:     It affects your strength (-5).
   Int+7:     It affects your intelligence (+7).
 Q - the +8 executioner's axe of Anguish {venom, Int+2}
   (You acquired it on level 8 of the Dungeon)

   Int+2:     It affects your intelligence (+2).
Missiles
 r - a throwing net
 J - 17 curare-tipped darts (quivered)
Armour
 u - a +2 buckler (worn)
 M - a +1 hat (worn)
Magical Staves
 X - a staff of conjuration (weapon)
Jewellery
 c - a +5 ring of evasion (on tentacle)
 i - the ring of Jaqieth (on tentacle) {rC+ Slay+3}
   (You bought it in a shop on level 1 of the Orcish Mines)

   [ring of protection from cold]

   Slay+3:    It affects your accuracy & damage with ranged weapons and melee
   (+3).
   rC+:       It protects you from cold.
 k - a ring of see invisible
 m - an amulet of regeneration
 w - the amulet "Arphun" {Acrobat rElec Will+ rCorr}
   (You bought it in a shop on level 13 of the Dungeon)

   [amulet of the acrobat]

   Acrobat:   It increases your evasion while moving and waiting.
   rElec:     It insulates you from electricity.
   Will+:     It increases your willpower.
   rCorr:     It protects you from acid and corrosion.
 x - a ring of protection from fire (left tentacle)
 A - a ring of ice
 G - the ring "Buimaoso" (on tentacle) {Contam rElec rPois rCorr Str+5 SInv}
   (You bought it in a shop on level 1 of the Orcish Mines)

   [ring of see invisible]

   Str+5:     It affects your strength (+5).
   rElec:     It insulates you from electricity.
   rPois:     It protects you from poison SInv: It lets you see invisible.
   Contam:    It causes magical contamination when unequipped.
   rCorr:     It protects you from acid and corrosion.
 H - a ring of poison resistance
 K - the ring of Lugonu's Supremacy (on tentacle) {Fire Int+3 Dex+6}
   (You bought it in a shop on level 1 of the Orcish Mines)

   [ring of fire]

   Fire:      It enhances your fire magic.
   Int+3:     It affects your intelligence (+3).
   Dex+6:     It affects your dexterity (+6).
   rF+:       It protects you from fire.
   rC-:       It makes you vulnerable to cold.
 L - a ring of fire
 N - a ring of wizardry (on tentacle)
 T - a ring of willpower (right tentacle)
 V - a +6 ring of dexterity (on tentacle)
 Z - an amulet of reflection (around mantle)
Wands
 q - a wand of paralysis (33)
 v - a wand of polymorph (16)
 y - a wand of iceblast (8)
 U - a wand of quicksilver (3)
 W - a wand of digging (3)
Scrolls
 e - a scroll of enchant weapon
 l - 7 scrolls of teleportation
 t - 2 scrolls of torment
 B - a scroll of fog
 C - 2 scrolls of amnesia
 D - 2 scrolls of brand weapon
 E - a scroll of revelation
 O - a scroll of fear
 P - a scroll of immolation
 Y - a scroll of butterflies
Potions
 a - 2 potions of magic
 b - a potion of lignification
 d - a potion of might
 f - 6 potions of enlightenment
 g - 5 potions of haste
 h - a potion of brilliance
 j - 8 potions of curing
 n - a potion of mutation
 o - a potion of ambrosia
 p - a potion of invisibility
 s - 3 potions of cancellation
 R - 2 potions of attraction
Miscellaneous
 z - a phantom mirror


   Skills:
 - Level 8.7 Fighting
 - Level 2.7(4.0) Axes
 - Level 4.5(5.0) Maces & Flails
 + Level 10.1 Dodging
 - Level 7.1 Stealth
 + Level 9.8 Shields
 + Level 10.1 Spellcasting
 + Level 11.8 Conjurations
 - Level 4.0 Hexes
 - Level 5.0 Summonings
 * Level 10.9 Fire Magic
 * Level 8.2 Air Magic
 + Level 10.1 Invocations


You had 3 spell levels left.
You knew the following spells:

 Your Spells              Type           Power      Damage    Failure   Level
a - Foxfire               Conj/Fire      100%       2x1d9     1%          1
b - Scorch                Fire           100%       2d9       1%          2
c - Inner Flame           Hex/Fire       83%        N/A       1%          3
d - Flame Wave            Conj/Fire      100%       2d21      1%          4
e - Summon Guardian Gole  Hex/Summ       51%        N/A       1%          3
f - Hailstorm             Conj/Ice       75%        3d13      1%          3
g - Orb of Destruction    Conj           51%        9d13      17%         7
h - Plasma Beam           Fire/Air       46%        2x1d61    9%          6
i - Stone Arrow           Conj/Erth      100%       3d13      1%          3

Your spell library contained the following spells:

 Spells                   Type           Power      Damage    Failure   Level
 Magic Dart               Conj           100%       1d8       1%          1
 Searing Ray              Conj           100%       2d8       1%          2
 Volatile Blastmotes      Fire/Tloc      100%       2d18      1%          3
 Ignite Poison            Fire/Tmut/Pois 61%        N/A       2%          3
 Freeze                   Ice            72%        1d8       3%          1
 Necrotise                Necr           72%        1d7       3%          1
 Sandblast                Erth           36%        2d10      3%          1
 Passwall                 Tmut/Erth      15%        N/A       4%          2
 Sublimation of Blood     Necr           18%        N/A       4%          2
 Frozen Ramparts          Ice            36%        1d6       9%          3
 Gell's Gravitas          Tloc           18%        N/A       9%          3
 Ozocubu's Armour         Ice            18%        N/A       9%          3
 Teleport Other           Tloc           18%        N/A       9%          3
 Fulminant Prism          Conj/Hex       42%        3d19      1%          4
 Sticky Flame             Conj/Fire      100%       2d11      1%          4
 Brom's Barrelling Bould  Conj/Erth      75%        2d9       2%          4
 Cause Fear               Hex            24%        N/A       5%          4
 Vhi's Electric Charge    Tloc/Air       96%        N/A       5%          4
 Irradiate                Conj/Tmut      37%        3d24      7%          5
 Summon Ice Beast         Ice/Summ       36%        N/A       10%         4
 Anguish                  Hex/Necr       16%        N/A       12%         4
 Summon Mana Viper        Hex/Summ       51%        N/A       12%         5
 Animate Dead             Necr           18%        N/A       24%         4
 Dispel Undead            Necr           18%        3d11      24%         4
 Spellforged Servitor     Conj/Summ      44%        N/A       52%         7
 Ignition                 Fire           49%        3d14      83%         8
 Monstrous Menagerie      Summ           26%        N/A       91%         7
 Dispersal                Tloc           9%         N/A       96%         6
 Enfeeble                 Hex            24%        N/A       96%         7
 Maxwell's Capacitive Co  Air            34%        ∞         99%         8
 Ozocubu's Refrigeration  Ice            9%         4d9       100%        7


Dungeon Overview and Level Annotations

Branches:
Dungeon (15/15)            Temple (1/1) D:6            Lair (5/5) D:9
  Swamp (0/4) Lair:2       Spider (0/4) Lair:3        Slime (0/5) Lair:4
    Orc (2/2) D:12            Elf (0/3) Orc:2        Vaults (0/5) D:14
  Sewer (visited)          Bailey (visited)           IceCv (visited)
 Depths: D:15

Altars:
Ashenzari
Cheibriados
Dithmenos
Elyvilon
Fedhas
Gozag
Hepliaklqana
Kikubaaqudgha
Makhleb
Nemelex Xobeh
Okawaru
Qazlal
Ru
Sif Muna
Trog
Uskayaw
Vehumet
Wu Jian
Xom
Yredelemnul
Zin
The Shining One

Shops:
D:1 [   D:5 (   D:12 [   D:13 *(*[(   Orc:1 *=

Annotations:
Orc:2 Jorgrun, Nessos


Innate Abilities, Weirdness & Mutations

You cannot wear most types of armour.
You are amphibious.
You can wear up to eight rings at the same time.
Your skin changes colour to match your surroundings (Stealth+).
Your rubbery body absorbs attacks. (AC +1, EV +1)
((You are camouflaged when in or above water. (Stealth+)))
You have tentacles for arms and can constrict up to eight enemies at once.
You possess an exceptional clarity of mind.
You passively map a small area around you.
You occasionally shout uncontrollably at your foes.
Your spells are a little harder to cast, but a little more powerful.
You are vulnerable to cold. (rC-)


Message History

* * * LOW HITPOINT WARNING * * *
Casting: Plasma Beam (dangerous; 9% risk of failure)
Confirm with . or Enter, or press ? or * to list all spells.
Casting: Plasma Beam (dangerous; 9% risk of failure)
Press: ? - help, Dir - look around, f - activate
Okay, then.
Okay, then.
Unknown command.
Okay, then.
Unknown command.
Aiming: Phantom Mirror
Press: ? - help, Dir - move target, f - Jorgrun, p - Nessos
Aim: Jorgrun, wielding a +0 heavy quarterstaff and wearing a +2 robe of cold resistance (moderately wounded)
Okay, then.
Unknown command.
Okay, then.
Unknown command.
Okay, then.
Unknown command.
Unknown command.
Casting: Plasma Beam (dangerous; 9% risk of failure)
Confirm with . or Enter, or press ? or * to list all spells.
Okay, then.
Unknown command.
Okay, then.
Unknown command.
Unknown command.
Casting: Plasma Beam (dangerous; 9% risk of failure)
Confirm with . or Enter, or press ? or * to list all spells.
Casting: Plasma Beam (dangerous; 9% risk of failure)
Press: ? - help, Dir - look around, f - activate You feel a surge of power!
The bolt of lightning misses the orc.
The fiery plasma misses the orc.
Nessos mumbles some strange words.
Nessos blinks!
Nessos mumbles some strange words.
Nessos blinks!
Jorgrun points at you and mumbles some strange words.
The iron shot misses you. The grasping roots constrict you!
You die...

##..o.$.#* , *
###.§.....# ,
##...§..#.### ,
#...O.......#*
#.K..)........
##.)g)........o
##.)o).co..... ,
##§#)§)§..... .
, *#@○)$)§.§....
#..°°..☼.○..o.
#.##.○...°.....,
, *#.#
#.°...○##... #.#
..☼#°o...... *#$
#..○##.°○.... .
..... .#... *.
...#.#.....§ , ,
, ,


You could see Jorgrun, Nessos (fast, fleeing, extremely poisoned), an ogre
(inner flame, fleeing) and an orc wizard (strong, invisible).

Vanquished Creatures
  Frances (D:14)
  An orc warlord (Orc:2)
  Azrael (D:12)
  An ettin (Orc:2)
  A fire dragon (D:15)
  6 hydras
  7 vault guards (D:14)
  5 catoblepae (Lair:5)
  An ogre mage (D:15)
  8 two-headed ogres
  2 boulder beetles
  4 centaur warriors
  8 death yaks
  A tengu warrior (D:15)
  Sonja (Orc:2)
  2 lindwurms
  A bog body (IceCv)
  4 deep elf pyromancers
  10 ugly things
  An orc knight (Bailey)
  8 cyclopes
  3 manticores
  22 elephants
  Maurice (D:12)
  A moth of wrath (D:15)
  2 kobold blastminers (Orc:2)
  3 black mambas
  An ice statue (IceCv)
  Maggie (D:7)
  14 cane toads
  10 komodo dragons
  A minotaur zombie (D:11)
  3 rime drakes
  An anaconda simulacrum (IceCv)
  3 kobold demonologists
  A freezing wraith (D:15)
  An ice devil (IceCv)
  6 trolls
  2 hydra zombies (D:11)
  5 polar bears
  3 meliai (D:15)
  2 hornets
  A tyrant leech (D:15)
  12 blink frogs
  A meliai zombie (D:11)
  Sigmund (D:3)
  5 slime creatures (D:13)
  2 shadows
  A spriggan (Lair:4)
  60 yaks
  7 wraiths
  A wyvern (Lair:2)
  A dire elephant simulacrum (IceCv)
  3 fire elementals (D:11)
  3 vampire mosquitoes
  7 steam dragons
  3 wargs
  2 death yak simulacra (IceCv)
  Menkaure (D:6)
  2 harpy simulacra (IceCv)
  A small abomination (D:11)
  A swamp worm (D:15)
  2 acid dragons
  12 water moccasins
  4 hell hounds
  4 ice beasts
  3 black bears
  An elephant zombie (D:11)
  2 sky beasts
  26 orc warriors
  5 ogres
  22 wolves
  A centaur (shapeshifter) (D:13)
  11 centaurs
  2 phantoms (D:5)
  15 kobold brigands
  2 gnoll sergeants
  9 bullfrogs
  8 two-headed ogre simulacra
  6 scorpions
  15 wights
  5 cane toad simulacra
  A hornet simulacrum (D:15)
  2 spriggan zombies (D:11)
  9 killer bees
  4 howler monkeys
  3 wolf zombies (D:11)
  An electric eel (Lair:5)
  3 centaur zombies (D:11)
  A hound (D:5)
  Crazy Yiuf (D:3)
  A gnoll bouda (D:9)
  22 orc priests
  A sleepcap (D:5)
  3 iguanas
  Jessica (D:3)
  Terence (D:2)
  26 orc wizards
  2 polar bear simulacra (IceCv)
  8 spriggan simulacra
  7 troll simulacra
  A killer bee zombie (D:11)
  3 wolf simulacra
  Robin (D:2)
  17 adders
  12 gnolls
  4 river rats (Sewer)
  4 naga simulacra (IceCv)
  A shadow imp (D:8)
  4 white imps
  13 ufetubi
  4 worms
  5 dart slugs
  51 orcs
  15 bats
  8 endoplasms
  12 giant cockroaches
  21 goblins
  14 hobgoblins
  9 jackals
  6 quokkas
  14 ball pythons
  4 frilled lizards
  40 kobolds
  4 rats
794 creatures vanquished.

Vanquished Creatures (collateral kills)
  13 foxfires
13 creatures vanquished.

Vanquished Creatures (others)
  Louise (D:14)
  Josephine (D:14)
  A hydra (Lair:5)
  2 boulder beetles
  A two-headed ogre (D:15)
  Urug (Lair:4)
  A skyshark (Lair:5)
  A bog body (IceCv)
  A manticore (D:13)
  An elephant (Lair:2)
  A torpor snail (Lair:4)
  An unseen horror (D:12)
  A komodo dragon (Lair:4)
  7 yaks
  A vampire mosquito (D:13)
  2 centaurs (D:13)
  2 gnolls (D:13)
  A kobold (D:12)
  1785 foxfires
1812 creatures vanquished.

Grand Total: 2619 creatures vanquished

Notes
Turn   | Place    | Note
-------+----------+-------------------------------------------
     0 | D:1      | Conn the Octopode Fire Elementalist began the quest for the
                  | Orb.
     0 | D:1      | Reached XP level 1. HP: 11/11 MP: 3/3
   163 | D:1      | Reached XP level 2. HP: 17/17 MP: 0/5
   253 | D:1      | Found a faded altar of an unknown god.
   436 | D:1      | Reached XP level 3. HP: 21/21 MP: 0/6
   620 | D:1      | Found Dushig's Armour Emporium.
   913 | D:1      | Learned a level 2 spell: Scorch
   917 | D:1      | Learned a level 3 spell: Inner Flame
   953 | D:2      | Noticed Terence
   966 | D:2      | Killed Terence
   967 | D:2      | Reached XP level 4. HP: 27/27 MP: 0/7
  1176 | D:2      | Reached skill level 2 in Conjurations
  1297 | D:2      | Reached skill level 1 in Hexes
  1533 | D:2      | Noticed Robin
  1550 | D:2      | Killed Robin
  1551 | D:2      | Reached XP level 5. HP: 17/31 MP: 1/9
  2041 | D:3      | Found an iron altar of Okawaru.
  2041 | D:3      | Found a radiant altar of Vehumet.
  2152 | D:3      | Noticed Sigmund
  2239 | D:2      | Learned a level 4 spell: Flame Wave
  2258 | D:3      | Killed Sigmund
  2259 | D:3      | Reached skill level 1 in Fighting
  2259 | D:3      | Reached skill level 1 in Axes
  2259 | D:3      | Reached XP level 6. HP: 38/38 MP: 0/11
  2262 | D:3      | Noticed Jessica
  2350 | D:3      | Killed Jessica
  2473 | D:3      | Found an ancient bone altar of Kikubaaqudgha.
  2473 | D:3      | Found a shimmering blue altar of Sif Muna.
  2479 | D:3      | Got Kikubaaqudgha's Commentary on Open Graves
  2495 | D:3      | Became a worshipper of Sif Muna the Loreminder
  2557 | D:3      | Reached skill level 3 in Conjurations
  2557 | D:3      | Reached XP level 7. HP: 37/43 MP: 4/12
  2886 | D:3      | Found a runed translucent door.
  2887 | D:3      | Noticed Crazy Yiuf
  3240 | D:3      | Killed Crazy Yiuf
  3374 | D:4      | Found an ornate altar of the Wu Jian Council.
  3666 | D:4      | Found a glowing drain.
  3674 | Sewer    | Entered a sewer
  3805 | Sewer    | Reached * piety under Sif Muna
  4172 | Sewer    | Reached skill level 1 in Invocations
  4796 | D:5      | Entered Level 5 of the Dungeon
  4805 | D:5      | Reached XP level 8. HP: 50/50 MP: 9/14
  4967 | D:5      | Reached skill level 5 in Stealth
  5095 | D:5      | Found Raked's Weapon Shoppe.
  5103 | D:5      | Bought the +0 flail "Pendulum" {flame, Str-5 Int+7} for 245
                  | gold pieces
  5126 | D:5      | Reached skill level 4 in Conjurations
  5255 | D:5      | Reached ** piety under Sif Muna
  5259 | D:5      | Reached skill level 1 in Shields
  5509 | D:5      | Learned a level 3 spell: Summon Guardian Golem
  5773 | D:6      | Reached XP level 9. HP: 55/55 MP: 9/16
  5828 | D:6      | Identified the +1 quarterstaff of Distraction {speed, SInv}
  5904 | D:6      | Found a staircase to the Ecumenical Temple.
  5918 | Temple   | Entered the Ecumenical Temple
  6279 | D:6      | Noticed Menkaure
  6285 | D:6      | Killed Menkaure
  6540 | D:7      | Reached skill level 5 in Spellcasting
  6541 | D:7      | Reached skill level 1 in Summonings
  6770 | D:7      | Noticed Maggie
  6795 | D:7      | Killed Maggie
  6796 | D:7      | Reached skill level 1 in Maces & Flails
  6796 | D:7      | Reached skill level 5 in Conjurations
  7069 | D:7      | Found a burning altar of Makhleb.
  7070 | D:7      | Found a sparkling altar of Nemelex Xobeh.
  7181 | D:7      | Reached skill level 5 in Fire Magic
  7210 | D:7      | Reached *** piety under Sif Muna
  7673 | D:7      | Learned a level 3 spell: Hailstorm
  7748 | D:8      | Found a runed translucent door.
  7758 | D:8      | Reached XP level 10. HP: 63/63 MP: 13/18
  7946 | D:8      | Noticed a deep elf pyromancer
  7956 | D:8      | Found a runed translucent door.
  7978 | D:8      | Noticed a kobold demonologist
  8012 | D:8      | Killed a deep elf pyromancer
  8013 | D:8      | Reached skill level 6 in Conjurations
  8052 | D:8      | Found a flagged portal.
  8067 | Bailey   | Entered a bailey
  8163 | Bailey   | Reached skill level 5 in Dodging
  8410 | Bailey   | Noticed an orc knight
  8419 | Bailey   | Killed an orc knight
  8612 | Bailey   | Found a bloodstained altar of Trog.
  8761 | D:8      | Found a glowing golden altar of the Shining One.
  8780 | D:8      | Reached skill level 5 in Shields
  8780 | D:8      | Reached XP level 11. HP: 63/70 MP: 6/20
  8943 | D:8      | Found a shadowy altar of Dithmenos.
  9068 | D:8      | Identified 2 scrolls of acquirement
  9068 | D:8      | Acquired the +8 executioner's axe of Anguish {venom, Int+2}
  9089 | D:8      | Acquired 1196 gold pieces
  9399 | D:8      | Found a hazy altar of Hepliaklqana.
 10059 | D:8      | Reached **** piety under Sif Muna
 10535 | D:9      | Found a staircase to the Lair.
 10574 | D:9      | You are sucked into a shaft and drop 3 floors!
 10580 | D:12     | Found Muihi's Armour Shoppe.
 10588 | D:12     | Bought a +1 hat for 154 gold pieces
 10780 | D:12     | Noticed Maurice
 10796 | D:12     | Paralysed by Maurice for 3 turns
 10800 | D:12     | Killed Maurice
 11019 | D:12     | Reached skill level 5 in Fighting
 11036 | D:12     | Reached skill level 7 in Conjurations
 11253 | D:12     | Noticed Azrael
 11264 | D:11     | Noticed a two-headed ogre
 11277 | D:10     | Entered Level 10 of the Dungeon
 11277 | D:10     | Noticed a two-headed ogre
 11743 | D:9      | Noticed a two-headed ogre
 11755 | D:9      | Killed a two-headed ogre
 11756 | D:9      | Reached skill level 5 in Invocations
 11933 | D:9      | Noticed a two-headed ogre
 11940 | D:9      | Killed a two-headed ogre
 12432 | D:9      | Found a blossoming altar of Fedhas.
 12589 | D:5      | Bought 4 curare-tipped darts for 67 gold pieces
 12686 | Lair:1   | Entered Level 1 of the Lair of Beasts
 12715 | Lair:1   | Reached XP level 12. HP: 77/77 MP: 11/22
 12910 | Lair:1   | Noticed a boulder beetle
 13260 | Lair:1   | Killed a boulder beetle
 13703 | Lair:1   | Gained mutation: You are vulnerable to cold. (rC-) [potion
                  | of mutation]
 13703 | Lair:1   | Gained mutation: You are agile. (Dex +4, Str/Int -1)
                  | [potion of mutation]
 13703 | Lair:1   | Gained mutation: Your body sometimes deteriorates upon
                  | taking damage. [potion of mutation]
 13703 | Lair:1   | Gained mutation: You passively map a small area around you.
                  | [potion of mutation]
 13704 | Lair:1   | Lost mutation: Your body sometimes deteriorates upon taking
                  | damage. [potion of mutation]
 13704 | Lair:1   | Lost mutation: You are agile. (Dex +4, Str/Int -1) [potion
                  | of mutation]
 13704 | Lair:1   | Gained mutation: You possess an exceptional clarity of
                  | mind. [potion of mutation]
 13704 | Lair:1   | Gained mutation: You occasionally shout uncontrollably at
                  | your foes. [potion of mutation]
 13704 | Lair:1   | Gained mutation: Your spells are a little harder to cast,
                  | but a little more powerful. [potion of mutation]
 14342 | Lair:2   | Noticed a boulder beetle
 14387 | Lair:2   | Killed a boulder beetle
 14388 | Lair:2   | Reached skill level 5 in Summonings
 14502 | Lair:2   | Noticed a boulder beetle
 14532 | Lair:2   | Killed a boulder beetle
 15095 | Lair:2   | Found a staircase to the Swamp.
 15111 | Lair:2   | Reached skill level 8 in Conjurations
 15352 | Lair:2   | Noticed a seven-headed hydra
 15362 | Lair:2   | Killed a seven-headed hydra
 15362 | Lair:2   | Reached ***** piety under Sif Muna
 15591 | Lair:2   | Reached XP level 13. HP: 34/85 MP: 0/24
 16175 | Lair:1   | Learned a level 7 spell: Orb of Destruction
 16990 | Lair:3   | Found a hole to the Spider Nest.
 17775 | Lair:3   | Reached skill level 9 in Conjurations
 18834 | Lair:4   | Received a gift from Sif Muna
 18835 | Lair:4   | Got Sif Muna's Lessons on Grisly Fire {god gift}
 18843 | Lair:4   | Learned a level 6 spell: Plasma Beam
 19060 | Lair:4   | You fall into a shaft and drop 1 floor!
 19060 | Lair:5   | Entered Level 5 of the Lair of Beasts
 19098 | Lair:5   | Reached skill level 1 in Air Magic
 19133 | Lair:5   | Reached XP level 14. HP: 27/93 MP: 18/26
 19522 | Lair:5   | Reached skill level 10 in Conjurations
 20801 | Lair:5   | Acquired 801 gold pieces
 20945 | Lair:5   | HP: 4/94 [death yak (15)]
 21378 | Lair:4   | Found a staircase to the Slime Pits.
 21617 | Lair:4   | Noticed Urug
 21632 | Lair:4   | Killed Urug
 23355 | D:10     | Reached skill level 5 in Air Magic
 24162 | D:11     | Reached XP level 15. HP: 100/100 MP: 17/28
 24221 | D:11     | Found a basalt altar of Yredelemnul.
 24244 | D:11     | Reached skill level 11 in Conjurations
 25441 | D:12     | Upgraded the game from 0.31-a0-1084-gb392501acf to
                  | 0.31-a0-1159-g800acc2fd1
 25502 | D:12     | Killed Azrael
 25911 | D:12     | Found a staircase to the Orcish Mines.
 26254 | D:13     | Found Wiyciqoe's General Store.
 26257 | D:13     | Bought the amulet "Arphun" {Acrobat rElec Will+ rCorr} for
                  | 662 gold pieces
 26257 | D:13     | Bought a potion of cancellation for 96 gold pieces
 26472 | D:12     | Learned a level 3 spell: Stone Arrow
 26543 | D:13     | Found Boegheish's Antique Armour Shop.
 26553 | D:13     | Found Xetiz's Weapon Shop.
 26934 | D:13     | Received a gift from Sif Muna
 27188 | D:13     | Found Kisoepu's Weapon Emporium.
 27481 | D:13     | Found Uffoth's Assorted Antiques.
 27489 | D:13     | Bought a scratched coral ring for 135 gold pieces
 27489 | D:13     | Bought a scroll of fear for 108 gold pieces
 27489 | D:13     | Bought a scroll of teleportation for 81 gold pieces
 27992 | D:14     | Noticed Josephine
 28009 | D:14     | Killed Josephine
 28042 | D:14     | Noticed Frances
 28061 | D:14     | Killed Frances
 28239 | D:14     | Found a stormy altar of Qazlal.
 28523 | D:14     | Noticed Louise
 28542 | D:14     | Killed Louise
 28774 | D:14     | Reached skill level 10 in Fire Magic
 29083 | D:14     | Found a gate to the Vaults.
 29550 | D:15     | Entered Level 15 of the Dungeon
 29949 | D:15     | Reached XP level 16. HP: 93/106 MP: 16/29
 30917 | Orc:1    | Entered Level 1 of the Orcish Mines
 30945 | Orc:1    | Found Zecaw's Jewellery Shop.
 30967 | Orc:1    | Reached skill level 10 in Dodging
 31167 | Orc:1    | Found Hekhos's Overcharged Wands.
 31203 | Orc:1    | Found a frozen archway.
 31292 | IceCv    | Entered an ice cave
 31388 | IceCv    | Received a gift from Sif Muna
 31389 | IceCv    | Got Gankasch's Vellum of the Reformed Zephyr {god gift}
 31949 | IceCv    | Reached skill level 10 in Spellcasting
 32398 | IceCv    | Reached skill level 10 in Invocations
 32897 | Orc:1    | Bought the ring of Jaqieth {rC+ Slay+3} for 579 gold pieces
 32897 | Orc:1    | Bought the ring of Lugonu's Supremacy {Fire Int+3 Dex+6}
                  | for 661 gold pieces
 32897 | Orc:1    | Bought the ring "Buimaoso" {Contam rElec rPois rCorr Str+5
                  | SInv} for 568 gold pieces
 33184 | Orc:2    | Entered Level 2 of the Orcish Mines
 33202 | Orc:2    | Noticed Jorgrun
 33202 | Orc:2    | Noticed Nessos
 33252 | Orc:2    | Found a staircase to the Elven Halls.
 33641 | Orc:2    | Noticed Sonja
 33653 | Orc:2    | Killed Sonja
 33658 | Orc:2    | Constricted to death by Jorgrun

Illustrated notes

Levels and vault maps discovered:
D:1:      onia_arrival_handbag, layout_rooms, basic_ecumenical_altar,
          serial_shops, shop
D:2:      layout_rooms, minmay_heptomino_w4, uniq_terence, uniq_robin
D:3:      layout_basic, grunt_temple_overflow_magic_moments,
          okawaru_metal_pillars_3, minmay_surrounded, uniq_crazy_yiuf_cottage,
          uniq_sigmund, uniq_jessica
D:4:      layout_loops_ring, mainiacjoe_overflow_brackets, portal_sewer_entry_f
D:5:      layout_rooms, serial_shops, nicolae_shop_bloodbath_and_beyond
D:6:      layout_cave_pools, temple_green, dk_rats_in_the_wall, uniq_menkaure
D:7:      layout_cave_pools, minitemple, small_statue_intersection, uniq_maggie
D:8:      cheibrodos_histonic, layout_basic, mainiacjoe_overflow_catwalk,
          tso_metal_star, worldfamousw_hep_ancestral_shrine, enter_bailey_3
D:9:      minmay_s_stair_smasher, layout_long_grid, fedhas_altar_4,
          dpeg_oklobed_lair
D:10:     layout_rooms, david_defended_altar_orc
D:11:     layout_rooms, roadster_capsule_ark_zombie
D:12:     layout_basic, erik_orc_4, serial_shops, shop, serial_bayou_crossing,
          uniq_azrael, uniq_maurice
D:13:     layout_long_grid, serial_shops, shop, nicolae_diamond_shop, shop,
          shop, shop, nrook_loot_triangle
D:14:     layout_irregular_city, erik_vaults_2, nicolae_qazlal_eye_of_the_storm,
          uniq_louise, uniq_frances, uniq_josephine
D:15:     grunt_enter_depths_hoard, layout_gridville, worms_lemuel, uniq_roxanne
Temple:   nicolae_temple_bog_church
Lair:1:   layout_regular_city, nicolae_lair_lindhole, lemuel_fruit_fields,
          grunt_megastairs_2
Lair:2:   layout_cave_pods, swamp_mist
Lair:3:   layout_roguey, spider_nest_entry_web_field
Lair:4:   layout_roguey, dpeg_slime_entry_enclosed,
          chequers_serial_rivers_marsh, grunt_forest_stairs_clearing,
          lemuel_fruit_fields, uniq_urug
Lair:5:   evilmike_catoblepas_cave, layout_gridlike, serial_bayou_shore_a
Orc:1:    layout_caves, portal_ice_cave_entry_ice_simulacra, serial_shops,
          nicolae_shop_stone, nicolae_shop_overcharged_wands
Orc:2:    st_orc_congregation, layout_caves, serial_shops, shop, uniq_jorgrun,
          uniq_nessos, uniq_sonja

Skill      XL: |  1  2  3  4  5  6  7  8  9 10 11 12 13 14 15 16 |
---------------+-------------------------------------------------+-----
Stealth        | 3 4 5 6 7 |  7.1
Conjurations   | 2 3 4 5 6 7 8 9 10 11 | 11.8
Hexes          | 1 2 3 4 |  4.0
Spellcasting   | 3 4 5 6 7 8 9 10 | 10.1
Fighting       | 1 2 3 4 5 6 7 8 |  8.7
Axes           | 1 2 |  2.7
Dodging        | 3 4 5 6 7 8 9 10 | 10.1
Fire Magic     | 4 5 6 7 8 9 10 | 10.9
Invocations    | 1 2 3 4 5 6 8 9 10 | 10.1
Shields        | 1 3 5 7 8 9 |  9.8
Summonings     | 1 2 4 5 |  5.0
Maces & Flails | 1 2 4 |  4.5
Air Magic      | 1 5 7 8 |  8.2

Action                     |  1- 3 |  4- 6 |  7- 9 | 10-12 | 13-15 | 16-18 || total
---------------------------+-------+-------+-------+-------+-------+-------++-------
  Melee: Short sword       |     7 |       |       |       |       |       ||     7
         Hand axe          |     9 |    46 |    52 |       |       |       ||   107
         Constrict         |     3 |    11 |    23 |    21 |    11 |     5 ||    74
         Tentacles         |     2 |     8 |    18 |    30 |    25 |    12 ||    95
         Punch             |       |     2 |     1 |     5 |     3 |     1 ||    12
         Flail             |       |       |    21 |    93 |       |       ||   114
         Staff             |       |       |       |       |    76 |    35 ||   111
  Throw: Dart              |       |       |       |     9 |    16 |       ||    25
   Cast: Foxfire           |    55 |    75 |   179 |   305 |   314 |    92 ||  1020
         Scorch            |     1 |     5 |    48 |   142 |   235 |   100 ||   531
         Inner Flame       |       |     3 |     7 |    23 |    45 |    10 ||    88
         Summon Guardian G |       |       |     1 |    22 |    47 |     5 ||    75
         Flame Wave        |       |       |       |    28 |    97 |    22 ||   147
         Hailstorm         |       |       |       |     1 |    29 |    11 ||    41
         Plasma Beam       |       |       |       |       |     2 |     5 ||     7
         Orb of Destructio |       |       |       |       |     1 |     1 ||     2
         Stone Arrow       |       |       |       |       |       |     2 ||     2
 Invoke: Channel Magic     |       |       |     1 |     5 |     8 |     2 ||    16
  Evoke: Wand              |       |       |       |     3 |     4 |     4 ||    11
         Phantom mirror    |       |       |       |       |     1 |       ||     1
    Use: Potion            |     1 |     1 |     1 |     6 |     8 |     1 ||    18
         Scroll            |       |       |    10 |    12 |    12 |     7 ||    41
   Stab: Sleeping          |     2 |     4 |    16 |     4 |       |       ||    26
         Distracted        |       |       |     1 |       |       |       ||     1
         Petrified         |       |       |       |       |     2 |       ||     2
 Armour: Skin              |     6 |    28 |    64 |   137 |   165 |    49 ||   449
  Dodge: Dodged            |    12 |    41 |    69 |   121 |   257 |    91 ||   591
  Block: Buckler           |       |       |       |    64 |   221 |    59 ||   344
         Reflection        |       |       |       |       |     3 |     3 ||     6

Table legend: (Time is in decaauts)
 A = Elapsed time spent in this place.
 B = Non-inter-level travel time spent in this place.
 C = Inter-level travel time spent in this place.
 D = Time resting spent in this place.
 E = Time spent auto-exploring this place.
 F = Levels seen in this place.
 G = Mean time per level.
                   A        B        C        D        E       F      G
               +--------+--------+--------+--------+--------+-----+--------+
         Total |  33762 |  32951 |    811 |   3012 |  21086 |  26 | 1298.5 |
       Dungeon |  19226 |  18610 |    616 |   1739 |  12016 |  15 | 1281.7 |
        Temple |      1 |      1 |      0 |      0 |      0 |   1 |    1.0 |
          Lair |  10532 |  10360 |    172 |    968 |   6955 |   5 | 2106.4 |
  Orcish Mines |   1120 |   1098 |     22 |    198 |    251 |   2 |  560.0 |
         Sewer |    770 |    770 |      0 |      0 |    479 |   1 |  770.0 |
        Bailey |    619 |    619 |      0 |     48 |    316 |   1 |  619.0 |
      Ice Cave |   1491 |   1491 |      0 |     59 |   1069 |   1 | 1491.0 |
               +--------+--------+--------+--------+--------+-----+--------+

Top non-repeatable levels by time:
  Lair:5: 2883 daAuts
  Lair:1: 2054 daAuts
  Lair:2: 1931 daAuts
     D:9: 1874 daAuts
    D:12: 1862 daAuts
  Lair:3: 1832 daAuts
  Lair:4: 1830 daAuts
     D:8: 1825 daAuts
    D:14: 1626 daAuts
    D:13: 1540 daAuts
   IceCv: 1491 daAuts
    D:15: 1288 daAuts
     D:2: 1201 daAuts
    D:11: 1172 daAuts
     D:3: 1162 daAuts
